 Dungeon Crawl Stone Soup version 0.29.1-1-gd02db6906a (webtiles) character file.

Game seed: 15922399097836926518

409 dave1331 the Shield-Bearer (level 6, -44/53 HPs)
             Began as a Gnoll Fighter on Oct 2, 2022.
             Was an Initiate of the Shining One.
             Engulfed by a cloud of flame (48 damage)
             ... on level 5 of the Dungeon.
             The game lasted 00:08:49 (4080 turns).

dave1331 the Shield-Bearer (Gnoll Fighter)          Turns: 4080, Time: 00:08:53

Health: -44/53     AC:  8    Str: 17    XL:     6   Next: 89%
Magic:  9/9        EV: 10    Int: 14    God:    the Shining One [......]
Gold:   189        SH:  5    Dex: 11    Spells: 9/9 levels left

rFire   . . .      SeeInvis .   a - +0 war axe
rCold   . . .      Faith    .   c - +0 buckler
rNeg    . . .      Spirit   .   b - +1 scale mail
rPois   .          Reflect  .   (no helmet)
rElec   .          Harm     +   o - scarf {harm}
rCorr   .          Rampage  .   (no gloves)
Will    .....                   (no boots)
Stlth   ..........              (no amulet)
HPRegen 0.17/turn               q - +6 ring of intelligence
MPRegen 0.11/turn               (no ring)

@: glowing
A: fangs 1, strong nose, distributed training
a: Renounce Religion


You were on level 5 of the Dungeon.
You worshipped the Shining One.
The Shining One was noncommittal.
You visited 1 branch of the dungeon, and saw 5 of its levels.

You collected 189 gold pieces.

Inventory:

Hand Weapons
 a - a +0 war axe (weapon)
Armour
 b - a +1 scale mail (worn)
 c - a +0 buckler (worn)
 o - a scarf of harm (worn)
Jewellery
 q - a +6 ring of intelligence (left hand)
Wands
 s - a wand of polymorph (4)
Scrolls
 h - 2 scrolls of blinking
 i - a scroll of magic mapping
 j - 7 scrolls of teleportation
 l - 2 scrolls of brand weapon
 m - a scroll of vulnerability
 p - 2 scrolls of torment
Potions
 d - 2 potions of might
 g - 2 potions of flight {unknown}
 k - 2 potions of haste {unknown}
 n - 4 potions of curing {unknown}
 t - a potion of berserk rage {unknown}
 u - 3 potions of degeneration {unknown}
 v - a potion of heal wounds {unknown}


   Skills:
 + Level 6.9 Fighting
 + Level 2.2 Short Blades
 + Level 2.2 Long Blades
 + Level 5.1 Axes
 + Level 2.2 Maces & Flails
 + Level 2.2 Polearms
 + Level 2.2 Staves
 + Level 2.2 Ranged Weapons
 + Level 2.2 Throwing
 + Level 6.9 Armour
 + Level 2.2 Dodging
 + Level 2.2 Stealth
 + Level 6.9 Shields
 + Level 2.2 Unarmed Combat
 + Level 2.2 Spellcasting
 + Level 1.8 Conjurations
 + Level 1.8 Hexes
 + Level 1.8 Summonings
 + Level 1.8 Necromancy
 + Level 1.8 Translocations
 + Level 1.8 Transmutations
 + Level 1.8 Fire Magic
 + Level 1.8 Ice Magic
 + Level 1.8 Air Magic
 + Level 1.8 Earth Magic
 + Level 1.8 Poison Magic
 + Level 2.5 Invocations
 + Level 2.2 Evocations


You had 9 spell levels left.
You didn't know any spells.
Your spell library contained the following spells:

 Spells                   Type           Power      Damage    Failure   Level
 Sandblast                Erth           12%        2d6       38%         1
 Ensorcelled Hibernation  Hex/Ice        12%        N/A       54%         2
 Passwall                 Tmut/Erth      5%         N/A       54%         2
 Spider Form              Tmut/Pois      6%         N/A       77%         3
 Stone Arrow              Conj/Erth      12%        3d7       77%         3
 Swiftness                Air            6%         N/A       77%         3
 Anguish                  Hex/Necr       3%         N/A       99%         4


Dungeon Overview and Level Annotations

Branches:
Dungeon (5/15)             Temple (0/1) D:4

Altars:
The Shining One

Shops:
D:5 [


Innate Abilities, Weirdness & Mutations

You have very sharp teeth.
Your uncanny sense of smell can sniff out nearby items.
Your experience applies equally to all skills.


Message History

As you read the scroll of immolation, it crumbles to dust.
The creatures around you are filled with an inner flame!
The hound bites you but does no damage. The hound bites you.
You closely miss the hound.
The hound is almost dead.
The hound closely misses you. You block the hound's attack.
There are monsters nearby!
You miss the hound.
The hound is almost dead.
You block the hound's attack.
You miss the hound.
The hound is almost dead.
The hound barely misses you.
The hound bites you but does no damage. x2
You barely miss the hound.
The hound is almost dead.
You block the hound's attack.
You closely miss the hound.
The hound is almost dead.
The hound barely misses you. The hound bites you but does no damage.
You closely miss the hound.
The hound is almost dead.
The hound bites you but does no damage. The hound barely misses you.
You barely miss the hound.
The hound is severely wounded.
The hound closely misses you. The hound completely misses you.
You slash the hound!
The hound explodes!
The fiery explosion engulfs you!!
* * * LOW HITPOINT WARNING * * *
The fiery explosion engulfs the orc!!!
The orc explodes!
The fiery explosion engulfs the orc!!
The fiery explosion engulfs the orc!!!
The fiery explosion engulfs the orc!
The orc explodes!
You feel a bit more experienced.
The orc explodes! x2
You are engulfed in blazing flames.
Ouch! That really hurt!
You die...

######### ##
#.......# ..
#.#####.######§###..
#.#####.#..@§§§...∩#
#.##......####§##...
#.##.##.### ..
#.##.##.# ##
#.......##
####.....##
####...## ###÷...(#
∆ #.......#


There were no monsters in sight!

Vanquished Creatures
  2 black bears
  An ice beast (D:5)
  A howler monkey (D:5)
  3 hounds (D:5)
  5 adders
  A white imp (D:5)
  A worm (D:4)
  5 dart slugs
  6 orcs
  9 ball pythons
  3 endoplasms
  2 giant cockroaches
  7 hobgoblins
  3 quokkas
  4 bats
  4 frilled lizards
  7 goblins
  5 kobolds
  3 rats
72 creatures vanquished.

Vanquished Creatures (others)
  6 plants
6 creatures vanquished.

Grand Total: 78 creatures vanquished

Notes
Turn   | Place    | Note
-------+----------+-------------------------------------------
     0 | D:1      | dave1331 the Gnoll Fighter began the quest for the Orb.
     0 | D:1      | Reached XP level 1. HP: 23/23 MP: 1/1
   175 | D:1      | Reached XP level 2. HP: 29/29 MP: 2/2
   927 | D:2      | Reached XP level 3. HP: 35/35 MP: 3/3
  1146 | D:2      | Reached skill level 1 in Invocations
  1331 | D:2      | Reached skill level 1 in Short Blades
  1331 | D:2      | Reached skill level 1 in Long Blades
  1331 | D:2      | Reached skill level 1 in Maces & Flails
  1331 | D:2      | Reached skill level 1 in Polearms
  1331 | D:2      | Reached skill level 1 in Staves
  1331 | D:2      | Reached skill level 1 in Ranged Weapons
  1331 | D:2      | Reached skill level 1 in Throwing
  1331 | D:2      | Reached skill level 1 in Dodging
  1331 | D:2      | Reached skill level 1 in Stealth
  1331 | D:2      | Reached skill level 1 in Unarmed Combat
  1331 | D:2      | Reached skill level 1 in Spellcasting
  1331 | D:2      | Reached skill level 1 in Evocations
  1418 | D:2      | Reached XP level 4. HP: 41/41 MP: 5/5
  2003 | D:3      | Found a glowing golden altar of the Shining One.
  2009 | D:3      | Became a worshipper of the Shining One
  2438 | D:3      | Found a faded altar of an unknown god.
  2620 | D:4      | Reached skill level 1 in Conjurations
  2620 | D:4      | Reached skill level 1 in Hexes
  2620 | D:4      | Reached skill level 1 in Summonings
  2620 | D:4      | Reached skill level 1 in Necromancy
  2620 | D:4      | Reached skill level 1 in Translocations
  2620 | D:4      | Reached skill level 1 in Transmutations
  2620 | D:4      | Reached skill level 1 in Fire Magic
  2620 | D:4      | Reached skill level 1 in Ice Magic
  2620 | D:4      | Reached skill level 1 in Air Magic
  2620 | D:4      | Reached skill level 1 in Earth Magic
  2620 | D:4      | Reached skill level 1 in Poison Magic
  3032 | D:4      | Found a staircase to the Ecumenical Temple.
  3075 | D:4      | Noticed a black bear
  3080 | D:4      | Killed a black bear
  3081 | D:4      | Reached XP level 5. HP: 30/47 MP: 5/7
  3686 | D:5      | Entered Level 5 of the Dungeon
  3711 | D:5      | Reached XP level 6. HP: 50/53 MP: 8/8
  3779 | D:5      | Reached skill level 5 in Axes
  4044 | D:5      | Found Wing's Antique Armour Emporium.
  4047 | D:5      | Noticed a black bear
  4059 | D:5      | Killed a black bear
  4059 | D:5      | Noticed an ice beast
  4080 | D:5      | Killed an ice beast
  4080 | D:5      | Engulfed by a cloud of flame

Illustrated notes

Levels and vault maps discovered:
D:1:      erik_arrival_orb_chamber, layout_basic
D:2:      cheibrodos_old_hovel, layout_loops_ring, minmay_unequal
D:3:      layout_loops_ring, lemuel_crystal_altar,
          dreamdust_ecumenical_altar_angels_and_demons,
          minmay_fractal_squares_gapless_5
D:4:      layout_basic, minmay_temple_entry_offerings
D:5:      layout_loops_cross, mainiacjoe_overflow_concentric_impassable,
          mainiacjoe_overflow_boulevard, serial_shops, shop,
          nicolae_square_shop, shop, st_stairs_8

Skill      XL: |  1  2  3  4  5  6 |
---------------+-------------------+-----
Invocations    | 1 2 |  2.5
Short Blades   | 1 2 |  2.2
Long Blades    | 1 2 |  2.2
Maces & Flails | 1 2 |  2.2
Polearms       | 1 2 |  2.2
Staves         | 1 2 |  2.2
Ranged Weapons | 1 2 |  2.2
Throwing       | 1 2 |  2.2
Dodging        | 1 2 |  2.2
Stealth        | 1 2 |  2.2
Unarmed Combat | 1 2 |  2.2
Spellcasting   | 1 2 |  2.2
Evocations     | 1 2 |  2.2
Conjurations   | 1 |  1.8
Hexes          | 1 |  1.8
Summonings     | 1 |  1.8
Necromancy     | 1 |  1.8
Translocations | 1 |  1.8
Transmutations | 1 |  1.8
Fire Magic     | 1 |  1.8
Ice Magic      | 1 |  1.8
Air Magic      | 1 |  1.8
Earth Magic    | 1 |  1.8
Poison Magic   | 1 |  1.8
Axes           | 5 |  5.1
Fighting       | |  6.9
Armour         | |  6.9
Shields        | |  6.9

Action                   |  1- 3 |  4- 6 || total
-------------------------+-------+-------++-------
Melee: War axe           |    86 |   125 ||   211
       Bite              |     3 |    10 ||    13
  Use: Scroll            |     1 |     9 ||    10
Armor: Scale mail        |    30 |    76 ||   106
Dodge: Dodged            |    37 |    63 ||   100
Block: Buckler           |    26 |    30 ||    56
